 Dungeon Crawl Stone Soup version 0.28-a0-577-gb193047a1f (webtiles) character file.

Game seed: 13152225041061175946

599 iamoutofideas the Cleaver (level 7, -4/58 HPs)
             Began as a Hill Orc Gladiator on Oct 1, 2021.
             Slain by an orc warrior (9 damage)
             ... on level 3 of the Dungeon.
             The game lasted 00:05:04 (4310 turns).

iamoutofideas the Cleaver (Hill Orc Gladiator)      Turns: 4310, Time: 00:05:04

Health: -4/58      AC:  4    Str: 19    XL:     7   Next: 41%
Magic:  7/7        EV: 12    Int:  8    God:
Gold:   102        SH:  5    Dex: 12    Spells: 6/6 levels left

rFire   . . .      SeeInvis .   a - +0 war axe
rCold   . . .      Faith    .   (no shield)
rNeg    . . .      Spirit   .   b - +0 leather armour
rPois   .          Reflect  +   c - +0 helmet
rElec   .          Harm     .   (no cloak)
rCorr   .          Rampage  .   (no gloves)
Will    .....                   (no boots)
Stlth   +.........              q - amulet of reflection
HPRegen 0.19/turn               (no ring)
MPRegen 0.10/turn               (no ring)

@: hasted, very quick
A: no striking features
a: Convert to Beogh


You were on level 3 of the Dungeon.
You visited 1 branch of the dungeon, and saw 4 of its levels.

You collected 130 gold pieces.
You spent 28 gold pieces at shops.

Inventory:

Hand Weapons
 a - a +0 war axe (weapon)
Missiles
 d - 3 throwing nets (quivered)
Armour
 b - a +0 leather armour (worn)
 c - a +0 helmet (worn)
Jewellery
 q - an amulet of reflection (around neck)
Wands
 j - a wand of charming (4)
Scrolls
 h - a scroll of enchant armour
 k - a scroll of magic mapping {unknown}
 l - a scroll of fear
 m - 2 scrolls of immolation
 n - 2 scrolls of blinking
 o - 3 scrolls of teleportation {unknown}
 r - a scroll of fog {unknown}
 s - a scroll of torment {unknown}
 t - a scroll of identify
Potions
 f - a potion of heal wounds {unknown}
 i - a potion of magic {unknown}
 p - a potion of lignification {unknown}


   Skills:
 + Level 3.7 Fighting
 * Level 10.4 Axes
 - Level 1.7 Throwing
 - Level 2.4 Dodging


You had 6 spell levels left.
You didn't know any spells.
Your spell library was empty.

Dungeon Overview and Level Annotations

Branches:
Dungeon (4/15)
 Temple: D:4-7

Altars:
Elyvilon
Fedhas
Makhleb
Okawaru
Qazlal
Ru

Shops:
D:3 ?

Annotations:
D:1 exclusion: downstairs
D:2 exclusion: downstairs
D:3 olmar's ghost, amateur GnWr


Message History

The orc warrior hits you with a +0 short sword.
You barely miss the orc priest.
The orc priest is almost dead.
You barely miss the orc warrior.
The orc priest shouts, "Join the one true god or die!"
The orc priest miscasts a cantrip.
You block the orc warrior's attack.
The orc priest looks braver for a moment.
You slash the orc warrior!
The orc warrior is heavily wounded.
The orc warrior closely misses you.
The orc priest mumbles some strange prayers to Beogh against you.
Beogh smites you!
You barely miss the orc warrior.
The orc warrior is heavily wounded.
The orc warrior hits you with a +0 short sword.
The orc priest calls upon Beogh to heal the orc warrior.
The orc warrior is healed somewhat.
You hit the orc warrior but do no damage.
The orc warrior is moderately wounded.
The orc warrior hits you with a +0 short sword!
The orc priest looks encouraged for a moment.
You barely miss the orc warrior.
The orc warrior is moderately wounded.
The orc warrior hits you with a +0 short sword.
You slash the orc warrior!
The orc warrior is severely wounded.
The orc warrior barely misses you.
You hit the orc warrior but do no damage.
The orc warrior is severely wounded.
The orc priest invokes the aid of Beogh against you.
Beogh smites you!
* * * LOW HITPOINT WARNING * * *
The orc warrior closely misses you.
You feel better.
The orc warrior hits you with a +0 short sword.
* * * LOW HITPOINT WARNING * * *
It was a potion of haste.
You feel yourself speed up.
The orc warrior hits you with a +0 short sword!
You die...

#...# #.#.# #.#.#
#.#.###############
..#..........#....#
########...#.#.##.#
....W....#.#......#
#######..#.#...####
###...........oo@.#
§§#.#Z#..#.#.####.##
§§'...#......# #..#
§§#.....##.#.# ##.#
##########.#.# ##.##
...........#.####...#
..######............#
.........###.#.###..#
..###....# #.#.# #.##


You could see an orc warrior and an orc priest.

Vanquished Creatures
  Sigmund (D:2)
  An ogre (D:4)
  A scorpion (D:4)
  A jelly (D:4)
  A centaur skeleton (D:4)
  A hound (D:3)
  Jessica (D:3)
  An iguana (D:4)
  4 gnolls
  3 adders
  2 dart slugs (D:1)
  10 orcs (D:4)
  6 ball pythons
  8 bats
  11 endoplasms
  5 giant cockroaches
  9 goblins
  3 hobgoblins
  3 jackals (D:3)
  2 kobolds
  3 quokkas
  2 frilled lizards (D:2)
  3 rats
82 creatures vanquished.

Vanquished Creatures (others)
  11 plants (D:1)
11 creatures vanquished.

Grand Total: 93 creatures vanquished

Notes
Turn   | Place    | Note
-------+----------+-------------------------------------------
     0 | D:1      | iamoutofideas the Hill Orc Gladiator began the quest for
                  | the Orb.
     0 | D:1      | Reached XP level 1. HP: 18/18 MP: 1/1
   232 | D:1      | Reached XP level 2. HP: 25/25 MP: 2/2
   321 | D:1      | Reached skill level 5 in Axes
   510 | D:1      | Reached XP level 3. HP: 26/30 MP: 3/3
   996 | D:1      | Found a faded altar of an unknown god.
  1403 | D:2      | Noticed Sigmund
  1407 | D:2      | Reached skill level 6 in Axes
  1797 | D:3      | Found a sacrificial altar of Ru.
  1800 | D:3      | Found a white marble altar of Elyvilon.
  1803 | D:3      | Found a burning altar of Makhleb.
  1871 | D:3      | Reached XP level 4. HP: 35/37 MP: 4/4
  1932 | D:3      | Found a blossoming altar of Fedhas.
  1972 | D:3      | Noticed Jessica
  1976 | D:3      | Killed Jessica
  1977 | D:3      | Reached skill level 7 in Axes
  1977 | D:3      | Reached XP level 5. HP: 44/44 MP: 5/5
  1994 | D:3      | Found Asmosch's Magic Scroll Shop.
  2006 | D:3      | Bought a scroll of identify for 28 gold pieces
  2066 | D:3      | Noticed olmar's ghost (amateur GnWr)
  2068 | D:3      | Found a runed translucent door.
  2912 | D:2      | Killed Sigmund
  2913 | D:2      | Reached skill level 8 in Axes
  2913 | D:2      | Reached XP level 6. HP: 32/51 MP: 6/6
  2953 | D:2      | Reached skill level 9 in Axes
  3066 | D:2      | Found an iron altar of Okawaru.
  3380 | D:4      | Found a stormy altar of Qazlal.
  3441 | D:4      | Reached XP level 7. HP: 46/57 MP: 7/7
  3746 | D:4      | Reached skill level 10 in Axes
  4310 | D:3      | Slain by an orc warrior

Illustrated notes

Levels and vault maps discovered:
D:1:      dpeg_arrival_shrine, layout_basic, basic_ecumenical_altar,
          grunt_decor_arrowhead, kennysheep_boxes
D:2:      layout_loops_cross, basic_altar, uniq_sigmund
D:3:      layout_basic, grunt_temple_overflow_cloverleaf,
          ebering_ghost_inner_flame, serial_shops, nicolae_square_shop,
          minmay_misc_feat_cross, uniq_jessica
D:4:      layout_layer_cave, nicolae_qazlal_general_emergency,
          minmay_misc_feat_room

Skill      XL: |  1  2  3  4  5  6  7 |
---------------+----------------------+-----
Axes           | 5 6 7 8 9 10 | 10.4
Fighting       | 3 |  3.7
Throwing       | |  1.7
Dodging        | |  2.4

Action                   |  1- 3 |  4- 6 |  7- 9 || total
-------------------------+-------+-------+-------++-------
Melee: War axe           |    80 |    85 |    52 ||   217
  Use: Scroll            |       |     4 |       ||     4
       Potion            |       |       |     3 ||     3
Armor: Leather armour    |    29 |    22 |     6 ||    57
Dodge: Dodged            |    50 |    65 |    34 ||   149
Block: Other             |       |     7 |     9 ||    16
       Reflection        |       |       |     1 ||     1

Table legend: (Time is in decaauts)
 A = Elapsed time spent in this place.
 B = Non-inter-level travel time spent in this place.
 C = Inter-level travel time spent in this place.
 D = Time resting spent in this place.
 E = Time spent auto-exploring this place.
 F = Levels seen in this place.
 G = Mean time per level.
                   A        B        C        D        E       F      G
               +--------+--------+--------+--------+--------+-----+--------+
         Total |   4347 |   4143 |    204 |    873 |   2550 |   4 | 1086.8 |
       Dungeon |   4347 |   4143 |    204 |    873 |   2550 |   4 | 1086.8 |
               +--------+--------+--------+--------+--------+-----+--------+

Top non-repeatable levels by time:
     D:1: 1401 daAuts
     D:3: 1069 daAuts
     D:2: 1039 daAuts
     D:4: 836 daAuts
